 Dungeon Crawl Stone Soup version 0.28.0-1-gb440e238dd (webtiles) character file.

Game seed: 15303731333288036626

3758 fknight the Cleaver (level 10, -3/86 (88) HPs)
             Began as a Hill Orc Monk on Feb 21, 2022.
             Was a Believer of Beogh.
             Killed from afar by Maggie (20 damage)
             ... with a bolt of fire
             ... on level 8 of the Dungeon.
             The game lasted 00:45:48 (12573 turns).

fknight the Cleaver (Hill Orc Monk)                Turns: 12573, Time: 00:45:48

HP:   -3/86 (88)    AC: 14    Str: 25    XL:     10   Next: 15%
MP:   10/10         EV: 10    Int: 16    God:    Beogh [**....]
Gold: 123           SH:  0    Dex: 13    Spells: 8/9 levels left

rFire   . . .      SeeInvis .   D - +1 war axe (elec)
rCold   . . .      Faith    .   (no shield)
rNeg    . . .      Spirit   .   s - +1 chain mail
rPois   .          Reflect  .   d - +1 hat
rElec   .          Harm     .   (no cloak)
rCorr   .          Rampage  .   t - +0 pair of gloves
Will    .....                   (no boots)
Stlth   ..........              (no amulet)
HPRegen 0.24/turn               h - +6 ring of strength
MPRegen 0.12/turn               b - +6 ring of intelligence

@: lethally poisoned (-3 -> -8), mesmerised, lightly drained
A: no striking features
a: Renounce Religion, Smiting


You were on level 8 of the Dungeon.
You worshipped Beogh.
Beogh was pleased with you.
You visited 2 branches of the dungeon, and saw 9 of its levels.
You also visited: Ossuary.

You collected 331 gold pieces.
You spent 208 gold pieces at shops.

Inventory:

Hand Weapons
 a - a +0 hand axe
 j - a +4 flail
 o - a +0 dagger of venom
 p - a +0 spear
 q - a +0 fustibalus
 v - a +0 spear
 y - a +0 whip of venom
 A - a +0 halberd
 B - a +0 halberd
 C - a +2 vorpal mace
 D - a +1 war axe of electrocution (weapon)
Missiles
 f - 135 stones
 i - 20 poisoned darts
 k - 78 sling bullets
 m - a throwing net
 G - 2 javelins (quivered)
Armour
 d - a +1 hat (worn)
 s - a +1 chain mail (worn)
 t - a +0 pair of gloves (worn)
 w - a +0 helmet
Jewellery
 b - a +6 ring of intelligence (right hand)
 h - a +6 ring of strength (left hand)
 z - a ring of magical power
 E - a ring of magical power
Scrolls
 e - a scroll of magic mapping
 r - 5 scrolls of teleportation
 F - 2 scrolls of identify
Potions
 c - 7 potions of lignification
 g - a potion of cancellation {unknown}
 l - a potion of ambrosia
 n - 2 potions of magic
 u - a potion of degeneration {unknown}
 x - a potion of flight {unknown}


   Skills:
 + Level 7.9 Fighting
 + Level 12.3 Axes
 + Level 2.0 Throwing
 + Level 8.7 Armour
 + Level 3.7 Dodging
 + Level 2.6 Stealth


You had 8 spell levels left.
You knew the following spells:

 Your Spells              Type           Power      Damage    Failure   Level
a - Magic Dart            Conj           0%         1d3       80%         1

Your spell library contained the following spells:

 Spells                   Type           Power      Damage    Failure   Level
 Pain                     Necr           0%         1d4       80%         1
 Call Imp                 Summ           0%         N/A       90%         2
 Mephitic Cloud           Conj/Pois/Air  0%         N/A       99%         3
 Animate Armour           Summ/Erth      0%         N/A       100%        4
 Agony                    Necr           0%         N/A       100%        5
 Blade Hands              Tmut           0%         N/A       100%        5
 Excruciating Wounds      Necr           0%         N/A       100%        5
 Iron Shot                Conj/Erth      0%         9d1       100%        6


Dungeon Overview and Level Annotations

Branches:
Dungeon (7/15)             Temple (1/1) D:4         Ossuary (visited)

Altars:
Ashenzari
Cheibriados
Dithmenos
Fedhas
Gozag
Hepliaklqana
Kikubaaqudgha
Nemelex Xobeh
Okawaru
Qazlal
Sif Muna
Trog
Uskayaw
Vehumet
Xom
Zin
The Shining One

Shops:
D:1 !   D:5 [?**

Annotations:
D:4 Grinder
D:8 Maggie, Psyche


Message History

The gnoll is severely wounded.
You closely miss the gnoll.
You feel very sick. The gnoll hits you but does no damage.
You are more poisoned.
The gnoll hits you with a +0 halberd.
You slash the gnoll!
You kill the gnoll!
Beogh accepts your kill.
You hit the gnoll.
You feel very sick.
You slash the gnoll!
You kill the gnoll!
Beogh accepts your kill.
You slash the orc!
You kill the orc!
Beogh accepts your kill.
You feel very sick.
Your Throwing skill increases to level 2!
You completely miss the gnoll. You miss something.
You feel very sick. Something hits you but does no damage.
The gnoll hits you but does no damage.
You slice the gnoll!!
You kill the gnoll!
Beogh accepts your kill.
You miss something.
You feel sick. Something hits you but does no damage.
Maggie casts a spell.
Maggie draws you further into her thrall.
Something hits you but does no damage.
You feel drained.
You slice the gnoll!!
You kill the gnoll!
Beogh accepts your kill.
You closely miss something.
You feel sick. Something hits you but does no damage.
You slash Maggie!
Maggie is lightly wounded.
You barely miss something.
You feel sick. Maggie gestures at you while chanting.
The bolt of fire hits you!!
You die...

##### ###### #.@{##
#....# ###@.######
#....# #.()......#
#....# #...))....#
#....#
#.........####....#
#..>.........#....#
#..................
#######.#####.##.....
#..........##.######.


You could see Maggie (mesmerising).

Vanquished Creatures
  The ghost of zeram the Covert, a novice OpEn of Gozag (D:5)
  Joseph (D:7)
  Prince Ribbit (D:8)
  The ghost of Esekla the Conjurer, an amateur NaCj of Xom (D:5)
  A wraith (D:6)
  A steam dragon (D:6)
  An acid dragon (D:7)
  2 ogres (D:4)
  2 black bears
  3 phantoms
  2 kobold brigands
  2 elf zombies (Ossuary)
  2 bullfrogs
  2 gnoll sergeants
  3 scorpions
  2 water moccasin zombies (D:6)
  A water moccasin skeleton (D:5)
  3 wights (D:6)
  A howler monkey (D:5)
  A centaur zombie (Ossuary)
  A jelly (D:6)
  2 hounds
  2 human zombies (Ossuary)
  A gnoll shaman (D:8)
  4 iguanas
  3 hound skeletons (D:4)
  2 mummies (Ossuary)
  A howler monkey zombie (D:5)
  13 gnolls
  5 adders
  A shadow imp (D:8)
  3 white imps
  An ufetubus (D:5)
  An adder skeleton (D:4)
  2 adder zombies (Ossuary)
  A worm (D:2)
  The ghost of spaghetti the Sneak, a weakling NaDe (D:5)
  5 dart slugs
  5 orcs
  6 bats
  6 endoplasms
  A giant cockroach (D:2)
  11 goblins
  8 hobgoblins
  7 jackals (D:2)
  4 quokkas
  13 ball pythons
  3 frilled lizards
  A goblin zombie (Ossuary)
  6 hobgoblin zombies (Ossuary)
  A jackal zombie (Ossuary)
  19 kobolds
  11 kobold zombies (Ossuary)
  9 orc zombies (Ossuary)
  2 rats
  A rat zombie (Ossuary)
  7 bushes (D:1)
203 creatures vanquished.

Vanquished Creatures (others)
  3 orcs (D:8)
  4 plants (D:1)
  4 withered plants (D:5)
11 creatures vanquished.

Grand Total: 214 creatures vanquished

Notes
Turn   | Place    | Note
-------+----------+-------------------------------------------
     0 | D:1      | fknight the Hill Orc Monk began the quest for the Orb.
     0 | D:1      | Reached XP level 1. HP: 19/19 MP: 1/1
   504 | D:1      | Reached XP level 2. HP: 10/27 MP: 2/2
   850 | D:1      | Found Segrufor's Distillery.
  1289 | D:1      | Learned a level 1 spell: Magic Dart
  1309 | D:1      | Reached XP level 3. HP: 28/33 MP: 3/3
  2515 | D:1      | Bought a potion of curing for 39 gold pieces
  3625 | D:2      | Reached XP level 4. HP: 41/41 MP: 4/4
  4031 | D:2      | Noticed a phantom
  4055 | D:2      | Killed a phantom
  4056 | D:2      | Reached skill level 5 in Axes
  4056 | D:2      | Reached skill level 1 in Armour
  4056 | D:2      | Reached XP level 5. HP: 7/47 MP: 5/5
  4601 | D:3      | Found an opulent altar of Gozag.
  5305 | D:4      | Reached skill level 5 in Fighting
  5465 | D:4      | Noticed an ogre
  5469 | D:4      | Reached XP level 6. HP: 49/56 MP: 6/6
  5478 | D:4      | Reached skill level 6 in Axes
  5663 | D:4      | Found a sand-covered staircase.
  5731 | Ossuary  | Entered an ossuary
  6033 | Ossuary  | Reached XP level 7. HP: 59/62 MP: 7/7
  6083 | Ossuary  | Reached skill level 7 in Axes
  6722 | D:4      | Noticed Grinder
  6726 | D:4      | Paralysed by Grinder for 3 turns
  6841 | D:4      | Found a staircase to the Ecumenical Temple.
  6851 | Temple   | Entered the Ecumenical Temple
  7039 | D:4      | Reached skill level 8 in Axes
  7163 | D:4      | Reached XP level 8. HP: 39/71 MP: 8/8
  7789 | D:5      | Entered Level 5 of the Dungeon
  7861 | D:5      | Found Qeipub's Magic Scroll Boutique.
  7957 | D:5      | Reached skill level 9 in Axes
  7965 | D:5      | Found a runed translucent gate.
  7965 | D:5      | Found a runed translucent gate.
  7965 | D:5      | Found a runed translucent gate.
  8049 | D:5      | Noticed spaghetti's ghost (weakling NaDe)
  8049 | D:5      | Noticed Esekla's ghost (amateur NaCj)
  8049 | D:5      | Noticed zeram's ghost (novice OpEn)
  8079 | D:5      | Found Foepo's Antique Armour Emporium.
  8389 | D:5      | Found Gaoddui's Assorted Antiques.
  8395 | D:5      | Found Cauburext's Assorted Antiques.
  8968 | D:5      | Reached skill level 5 in Armour
  9172 | D:5      | Killed spaghetti's ghost
  9175 | D:5      | Killed Esekla's ghost
  9176 | D:5      | Reached skill level 10 in Axes
  9185 | D:5      | Killed zeram's ghost
  9186 | D:5      | Reached XP level 9. HP: 34/78 MP: 9/9
 10182 | D:5      | Bought a glowing war axe for 169 gold pieces
 10219 | D:6      | Reached skill level 11 in Axes
 10511 | D:6      | Reached skill level 1 in Throwing
 12075 | D:7      | Noticed Joseph
 12088 | D:7      | Killed Joseph
 12105 | D:7      | Reached XP level 10. HP: 30/86 MP: 10/10
 12412 | D:7      | Reached skill level 12 in Axes
 12448 | D:7      | You fall into a shaft and drop 1 floor!
 12544 | D:8      | Noticed Prince Ribbit
 12554 | D:8      | Noticed Psyche
 12555 | D:8      | Killed Prince Ribbit
 12565 | D:8      | Noticed Maggie
 12566 | D:8      | Became a worshipper of Beogh the Brigand
 12566 | D:8      | Reached * piety under Beogh
 12566 | D:8      | Reached ** piety under Beogh
 12573 | D:8      | Killed from afar by Maggie

Illustrated notes

Levels and vault maps discovered:
D:1:      dpeg_arrival_orchard, layout_basic, serial_shops, nicolae_shop_trees,
          serial_forest, infiniplex_forest_lined_3_way,
          infiniplex_forest_straight_2, infiniplex_forest_clump_small,
          infiniplex_forest_lined_3_way, infiniplex_forest_clump_double,
          infiniplex_forest_end_double, infiniplex_forest_end_3,
          infiniplex_forest_split
D:2:      layout_loops_ring, amcnicky_mini_pool_small, st_stairs_5,
          kennysheep_generic_room_4
D:3:      layout_loops_ring, grunt_gozag_breadcrumbs, grunt_decor_mini_mirrors
D:4:      kennysheep_spiral_hall, layout_loops_ring,
          minmay_temple_entry_poolview, nicolae_ossuary_entry_ruins,
          uniq_grinder
D:5:      layout_loops_ring, serial_shops, shop, nicolae_shop_waterfront,
          nicolae_shop_stone, shop, serial_glass, glass_columns_a,
          glass_columns_a, glass_columns_b, glass_columns_a, feat_on_display,
          minmay_strange_pillars, gammafunk_ghost_cemetery,
          chequers_serial_rivers_room_a, patterned_corridor
D:6:      layout_cave_pools, minmay_three_doors
D:7:      layout_loops_ring, enter_bailey_3, grunt_decor_resistance,
          hangedman_decor_riveting, uniq_joseph
D:8:      layout_rooms, mainiacjoe_overflow_alcove_3, abandoned_shop,
          uniq_maggie, uniq_psyche, uniq_prince_ribbit1
Temple:   lightli_temple_of_artemis

Skill      XL: |  1  2  3  4  5  6  7  8  9 10 |
---------------+-------------------------------+-----
Fighting       | 4 5 6 7 |  7.9
Axes           | 5 6 8 10 11 12 | 12.3
Armour         | 1 2 3 4 6 8 |  8.7
Dodging        | 3 |  3.7
Stealth        | 2 |  2.6
Throwing       | 1 2 |  2.0

Action                   |  1- 3 |  4- 6 |  7- 9 | 10-12 || total
-------------------------+-------+-------+-------+-------++-------
Melee: Hand axe          |  1149 |   220 |   316 |       ||  1685
       Punch             |    18 |     4 |     4 |       ||    26
       War axe           |       |       |    63 |    39 ||   102
Throw: Dart              |     5 |     7 |       |       ||    12
       Javelin           |       |       |     7 |       ||     7
       Stone             |       |       |     1 |       ||     1
Invok: Convert to Beogh  |       |       |       |     1 ||     1
  Use: Scroll            |     4 |     3 |     6 |       ||    13
       Potion            |     2 |     4 |    13 |       ||    19
 Stab: Sleeping          |     3 |       |       |       ||     3
Armor: Robe              |    27 |       |       |       ||    27
       Scale mail        |     4 |    38 |       |       ||    42
       Chain mail        |       |    88 |   239 |    21 ||   348
Dodge: Dodged            |    73 |   116 |   189 |    20 ||   398
